 Dungeon Crawl Stone Soup version 0.29.0-11-gd7f09526c8 (webtiles) character file.

Game seed: 3427914998645780777

45 mortz the Conjurer (level 3, -4/21 HPs)
             Began as an Octopode Conjurer on Sept 4, 2022.
             Slain by an orc
             ... wielding a +2 short sword of electrocution
              (9 damage)
             ... on level 2 of the Dungeon.
             The game lasted 00:06:42 (1597 turns).

mortz the Conjurer (Octopode Conjurer)              Turns: 1597, Time: 00:06:43

Health: -4/21      AC:  1    Str:  6    XL:     3   Next: 64%
Magic:  0/6        EV: 13    Int: 28    God:
Gold:   64         SH:  0    Dex: 10    Spells: 3/6 levels left

rFire   . . .      SeeInvis .   f - +0 dagger {short}
rCold   . . .      Faith    .   (no shield)
rNeg    . . .      Spirit   .   (helmet restricted)
rPois   .          Reflect  .   (no amulet)
rElec   .          Harm     .   j - +6 ring of intelligence
rCorr   .          Rampage  .   (no ring)
Will    .....                   (no ring)
Stlth   +++.......              (no ring)
HPRegen 0.07/turn               (no ring)
MPRegen 0.10/turn               (no ring)
                                (no ring)
                                (no ring)

@: no status effects
A: almost no armour, amphibious, 8 rings, camouflage 1, gelatinous body 1,
(nimble swimmer 1), tentacles
a: no special abilities


You were on level 2 of the Dungeon.
You visited 1 branch of the dungeon, and saw 2 of its levels.

You collected 94 gold pieces.
You spent 30 gold pieces at shops.


Innate Abilities, Weirdness & Mutations

You cannot wear most types of armour.
You are amphibious.
You can wear up to eight rings at the same time.
Your skin changes colour to match your surroundings (Stealth+).
Your rubbery body absorbs attacks. (AC +1, EV +1)
((You are camouflaged when in or above water. (Stealth+)))
You have tentacles for arms and can constrict up to eight enemies at once.


   Skills:
 + Level 2.1 Dodging
 + Level 3.5 Stealth
 + Level 2.2 Spellcasting
 + Level 4.8 Conjurations


You had 3 spell levels left.
You knew the following spells:

 Your Spells              Type           Power      Damage    Failure   Level
a - Magic Dart            Conj           100%       1d8       1%          1
b - Searing Ray           Conj           58%        2d6       1%          2

Your spell library contained the following spells:

 Spells                   Type           Power      Damage    Failure   Level
 Dazzling Flash           Conj/Hex       32%        N/A       10%         3
 Mephitic Cloud           Conj/Pois/Air  12%        N/A       14%         3
 Ignite Poison            Fire/Tmut/Pois 3%         N/A       26%         3
 Fulminant Prism          Conj/Hex       8%         3d7       32%         4
 Iskenderun's Mystic Bla  Conj/Tloc      16%        2d5       32%         4
 Freezing Cloud           Conj/Ice/Air   6%         6-21      78%         5

Inventory:

Hand Weapons
 d - a +0 falchion {long}
   (You found it on level 1 of the Dungeon)
 f - a +0 dagger (weapon) {short}
   (You took it off a goblin on level 1 of the Dungeon)
Missiles
 c - 8 stones (quivered) {throwing}
Jewellery
 b - an amulet of faith {!P}
   (You found it on level 1 of the Dungeon)
 j - a +6 ring of intelligence (left tentacle)
   (You took it off a kobold on level 1 of the Dungeon)
Scrolls
 g - a scroll of torment {unknown}
 h - a scroll of blinking {!r}
 k - a scroll of teleportation {@r4}
 l - a scroll of silence {unknown}
Potions
 a - a potion of magic
 e - a potion of cancellation {unknown}
 i - a potion of attraction {unknown}
 m - 2 potions of berserk rage {!q}
 n - a potion of brilliance {unknown}

Dungeon Overview and Level Annotations

Branches:
Dungeon (2/15) Zot: 10402

Altars:

Shops:
D:1

? ###.### #.##### #.# #.....#
#.# #####.# ##+## #.# ##...##
#.# #.....## ###.# ^
.......## ##.#.# ...
........####....#######.....
........+.......@o).).....ยง.
........####....#########...
[.....<## ###.#.#### #...โ€
.## #........# ##...##
#..##.##.# ##'## #..##.##.#
#.# #..##.##.# #.# #..##..#.#
##.## #..###.#.#


You could see an orc.


Message History

Confirm with . or Enter, or press ? or * to list all spells.
Aiming: Searing Ray (safe; 1% risk of failure)
Press: ? - help, Shift-Dir - straight line, f - orc
Aim: an orc, wielding a +0 short sword (79% to hit)
The searing ray hits the orc.
You kill the orc!
The searing ray hits the orc. (Press . to maintain the ray.) ๐Ÿ˜Ž MP[-2]
You lost 2 mp, and now have 4/6 mp.
The searing ray hits the orc!
You kill the orc!
The searing ray misses the orc.
A goblin comes into view. It is wielding a +0 club. ๐Ÿ˜Ž MP[-1]
You lost 1 mp, and now have 3/6 mp.
The searing ray hits the orc. ๐Ÿ˜Ž MP[-1]
You lost 1 mp, and now have 2/6 mp.
The searing ray misses the orc.
You finish channelling your searing ray. ๐Ÿ˜Ž MP[-1]
You lost 1 mp, and now have 1/6 mp.
You closely miss the orc. You grab the orc. You constrict the orc.
You kill the orc!
The goblin unwields a +0 club.
The goblin wields a +0 sling.
The goblin shoots a sling bullet.
The sling bullet barely misses you.
The magic dart hits the goblin. ๐Ÿ˜Ž MP[-1]
You lost 1 mp, and now have 0/6 mp.
You are out of magic!
You are out of magic!
You throw a stone {throwing}. The stone {throwing} hits the goblin.
The goblin shoots a sling bullet.
The sling bullet hits you.
You hear a shout! ๐Ÿ˜ฎ HP[-6]
You take 6 damage, and now have 15/21 hp.
MASSIVE DAMAGE!! (PAUSE)
You are too injured to fight recklessly!
Throw: 15 stones {throwing}
Press: ? - help, Q - select action, (/) - cycle Shift-Dir - straight line, f/p - goblin
Aim: a goblin, wielding a +0 sling (severely wounded, 45% to hit)
You throw a stone {throwing}.
The stone {throwing} barely misses the goblin.
The goblin shoots a sling bullet.
The sling bullet misses you.
The goblin shoots a sling bullet.
The sling bullet hits you. ๐Ÿ˜ฎ HP[-1]
You take 1 damage, and now have 14/21 hp.
Throw: 14 stones {throwing}
Press: ? - help, Q - select action, (/) - cycle Shift-Dir - straight line, f/p - goblin
Aim: a goblin, wielding a +0 sling (heavily wounded, 45% to hit)
You throw a stone {throwing}.
The stone {throwing} closely misses the goblin.
Throw: 13 stones {throwing}
Press: ? - help, Q - select action, (/) - cycle Shift-Dir - straight line, f/p - goblin
Aim: a goblin, wielding a +0 sling (heavily wounded, 45% to hit)
You throw a stone {throwing}.
The stone {throwing} hits the goblin but does no damage.
The goblin shoots a sling bullet.
The sling bullet barely misses you. ๐Ÿ˜ฎ MP[+1] Throw: 12 stones {throwing}
Press: ? - help, Q - select action, (/) - cycle Shift-Dir - straight line, f/p - goblin
Aim: a goblin, wielding a +0 sling (heavily wounded, 45% to hit)
You throw a stone {throwing}.
The stone {throwing} hits the goblin but does no damage.
The goblin shoots a sling bullet.
The sling bullet hits you.
* * * LOW HITPOINT WARNING * * *
๐Ÿ˜จ HP[-5]
You take 5 damage, and now have 9/21 hp.
MASSIVE DAMAGE!! (PAUSE)
You are too injured to fight recklessly!
Casting: Magic Dart (safe; 1% risk of failure)
Confirm with . or Enter, or press ? or * to list all spells.
Aiming: Magic Dart (safe; 1% risk of failure)
Press: ? - help, Shift-Dir - straight line, f/p - goblin
Aim: a goblin, wielding a +0 sling (heavily wounded, 100% to hit)
The magic dart hits the goblin.
You kill the goblin! ๐Ÿ˜จ MP[-1]
You lost 1 mp, and now have 0/6 mp.
Throw: 11 stones {throwing}
Press: ? - help, Q - select action, (/) - cycle Shift-Dir - straight line, f - orc
Aim: an orc, wielding a +2 short sword of electrocution and wearing a +0 leather armour (54% to hit)
You throw a stone {throwing}. The stone {throwing} hits the orc.
Throw: 10 stones {throwing}
Press: ? - help, Q - select action, (/) - cycle Shift-Dir - straight line, f/p - orc
Aim: an orc, wielding a +2 short sword of electrocution and wearing a +0 leather armour (lightly wounded, 54% to hit)
You throw a stone {throwing}.
The stone {throwing} closely misses the orc.
Throw: 9 stones {throwing}
Press: ? - help, Q - select action, (/) - cycle Shift-Dir - straight line, f/p - orc
Aim: an orc, wielding a +2 short sword of electrocution and wearing a +0 leather armour (lightly wounded, 54% to hit)
You throw a stone {throwing}.
The stone {throwing} hits the orc but does no damage. ๐Ÿ˜จ HP[+1]
You hit the orc. Your grab misses the orc.
The orc hits you with a +2 short sword of electrocution.
* * * LOW HITPOINT WARNING * * *
You are electrocuted!
You die...

Skill      XL: |  1  2 |
---------------+-------+-----
Stealth        | 3 |  3.5
Dodging        | |  2.1
Spellcasting   | |  2.2
Conjurations   | |  4.8

Action                   || total
-------------------------++-------
Melee: Falchion          ||     2
       Dagger            ||    13
       Constrict         ||     2
       Tentacles         ||     1
Throw: Stone             ||     8
 Cast: Magic Dart        ||    13
       Searing Ray       ||    11
  Use: Scroll            ||     5
 Stab: Sleeping          ||    11
Armor: Skin              ||     2
Dodge: Dodged            ||     8

Levels and vault maps discovered:
D:1:      dpeg_arrival_shrine, layout_basic, serial_shops, shop
D:2:      layout_loops_corners, uniq_sigmund

Notes
Turn   | Place    | Note
-------+----------+-------------------------------------------
     0 | D:1      | mortz the Octopode Conjurer began the quest for the Orb.
     0 | D:1      | Reached XP level 1. HP: 11/11 MP: 3/3
     0 | D:1      | magus.rc [v1.9.6]
   172 | D:1      | HP: 2/11 [endoplasm (2)]
   514 | D:1      | Reached XP level 2. HP: 17/17 MP: 5/5
   523 | D:1      | Learned a level 2 spell: Searing Ray
   649 | D:1      | Found Yciufoso's Magic Scroll Shoppe.
   715 | D:1      | Reached skill level 3 in Stealth
   890 | D:1      | Reached XP level 3. HP: 21/21 MP: 3/6
   966 | D:1      | Bought a scroll of identify for 20 gold pieces
   966 | D:1      | Bought a scroll of noise for 10 gold pieces
  1261 | D:2      | You add the spells Ignite Poison, Mephitic Cloud and
                  | Freezing Cloud to your library.
  1597 | D:2      | HP: 5/21 [orc/+2 short sword of electrocution (5)]
  1597 | D:2      | Slain by an orc

Vanquished Creatures
  A worm (D:2)
  3 dart slugs (D:1)
  3 orcs (D:2)
  A ball python (D:1)
  3 endoplasms (D:1)
  3 giant cockroaches (D:2)
  4 goblins
  4 hobgoblins (D:1)
  3 bats
  A frilled lizard (D:1)
  4 kobolds (D:1)
  A rat (D:2)
31 creatures vanquished.

Table legend:
 A = Non-vault XP
 B = Vault XP
 C = Vault XP percentage of total XP
 D = Non-vault monster count
 E = Vault monster count
 F = Vault count percentage of total count
                 A         B        C        D         E       F
            +---------+---------+-------+---------+---------+-------
      Total |      65 |       0 |   0.0 |      31 |       0 |   0.0
            +---------+---------+-------+---------+---------+-------
        D:1 |      40 |       0 |   0.0 |      20 |       0 |   0.0
        D:2 |      25 |       0 |   0.0 |      11 |       0 |   0.0
            +---------+---------+-------+---------+---------+-------

Illustrated notes

Table legend:
 A = Kills in this place as a percentage of kills in entire the game.
 B = Kills by you in this place as a percentage of kills by you in the entire game.
 C = Kills by friends in this place as a percentage of kills by friends in the entire game.
 D = Other kills in this place as a percentage of other kills in the entire game.
 E = Experience gained in this place as a percentage of experience gained in the entire game.
 F = Experience gained in this place divided by the number of levels of this place that you have seen.
                   A       B       C       D       E      F
               +-------+-------+-------+-------+-------+----------------------
         Total | 100.0 | 100.0 |   N/A |   N/A | 100.0 |  32.5
       Dungeon | 100.0 | 100.0 |   N/A |   N/A | 100.0 |  32.5
               +-------+-------+-------+-------+-------+----------------------

Table legend: (Time is in decaauts)
 A = Elapsed time spent in this place.
 B = Non-inter-level travel time spent in this place.
 C = Inter-level travel time spent in this place.
 D = Time resting spent in this place.
 E = Time spent auto-exploring this place.
 F = Levels seen in this place.
 G = Mean time per level.
                   A        B        C        D        E       F      G
               +--------+--------+--------+--------+--------+-----+--------+
         Total |   1596 |   1547 |     49 |     28 |   1299 |   2 |  798.0 |
       Dungeon |   1596 |   1547 |     49 |     28 |   1299 |   2 |  798.0 |
               +--------+--------+--------+--------+--------+-----+--------+

Top non-repeatable levels by time:
     D:1: 1193 daAuts
     D:2: 403 daAuts
